 Dungeon Crawl Stone Soup version 0.30-a0-772-g5528072125 (webtiles) character file.

Game seed: 12405557164378351913

560 pokeman the Magician (level 7, 0/39 HPs)
             Began as a Deep Elf Hedge Wizard on Feb 12, 2023.
             Killed from afar by an orc wizard (12 damage)
             ... with a puff of flame
             ... on level 5 of the Dungeon.
             The game lasted 00:08:29 (4561 turns).

pokeman the Magician (Deep Elf Hedge Wizard)        Turns: 4561, Time: 00:08:29

Health: 0/39       AC:  3    Str:  7    XL:     7   Next: 9%
Magic:  3/20       EV: 13    Int: 21    God:
Gold:   246        SH:  0    Dex: 14    Spells: 13/21 levels left

rFire   . . .      SeeInvis .    o - +0 dagger of Disgust {drain, Stlth+}
rCold   . . .      Faith    .    (no shield)
rNeg    . . .      Spirit   .    b - +0 robe
rPois   .          Reflect  .    c - +0 hat
rElec   .          Harm     .    (no cloak)
rCorr   .          Rampage  .    a - +0 pair of gloves
Will    .....                    (no boots)
Stlth   +++                      (no amulet)
HPRegen 0.26/turn                (no ring)
MPRegen 0.17/turn                (no ring)

@: no status effects
A: no striking features
a: no special abilities


You were on level 5 of the Dungeon.
You visited 1 branch of the dungeon, and saw 5 of its levels.

You collected 246 gold pieces.

Inventory:

Hand Weapons
 o - the +0 dagger of Disgust (weapon) {drain, Stlth+}
   (You found it on level 2 of the Dungeon)

   Stlth:     It makes you more stealthy.
Armour
 a - a +0 pair of gloves (worn)
 b - a +0 robe (worn)
 c - a +0 hat (worn)
 m - a scarf of harm
Wands
 f - a wand of flame (9)
 x - a wand of iceblast (12)
Scrolls
 i - 2 scrolls of enchant weapon {unknown}
 j - a scroll of fear {unknown}
 k - 5 scrolls of identify {unknown}
 p - a scroll of enchant armour {unknown}
 q - a scroll of noise {unknown}
 r - a scroll of vulnerability {unknown}
 s - 2 scrolls of immolation {unknown}
 u - a scroll of teleportation {unknown}
 w - a scroll of poison {unknown}
 y - 2 scrolls of fog {unknown}
Potions
 d - 4 potions of magic
 e - 2 potions of brilliance {unknown}
 g - 4 potions of lignification {unknown}
 h - a potion of flight {unknown}
 l - a potion of heal wounds {unknown}
 n - 2 potions of curing {unknown}
 t - a potion of might {unknown}
 v - 4 potions of degeneration {unknown}


   Skills:
 + Level 1.9 Fighting
 - Level 1.0 Armour
 - Level 3.0 Dodging
 - Level 3.0 Stealth
 * Level 7.5 Spellcasting
 + Level 3.6 Conjurations
 + Level 2.4 Summonings
 - Level 1.1 Translocations
 - Level 1.0 Air Magic
 - Level 1.1 Poison Magic
 - Level 1.0 Evocations


You had 13 spell levels left.
You knew the following spells:

 Your Spells              Type           Power      Damage    Failure   Level
a - Magic Dart            Conj           92%        1d7       1%          1
b - Mephitic Cloud        Conj/Pois/Air  16%        N/A       11%         3
c - Call Imp              Summ           18%        N/A       4%          2
d - Blink                 Tloc           24%        N/A       9%          2

Your spell library contained the following spells:

 Spells                   Type           Power      Damage    Failure   Level
 Poisonous Vapours        Pois/Air       24%        N/A       8%          2
 Slow                     Hex            28%        N/A       9%          1
 Cigotuvi's Dreadful Rot  Necr/Pois/Air  22%        N/A       10%         2
 Alistair's Intoxication  Tmut/Pois      6%         N/A       88%         5
 Borgnjor's Vile Clutch   Necr/Erth      3%         N/A       93%         5
 Eringya's Noxious Bog    Tmut/Pois      5%         N/A       100%        6
 Orb of Destruction       Conj           11%        9d6       100%        7


Dungeon Overview and Level Annotations

Branches:
Dungeon (5/15)
 Temple: D:4-7

Altars:
Dithmenos
Sif Muna
Uskayaw
The Shining One


Message History

The magic dart hits the phantom.
The phantom is heavily damaged.
The phantom hits you.
The phantom blinks!
You blink.
Casting: Magic Dart (safe; 1% risk of failure)
Confirm with . or Enter, or press ? or * to list all spells.
Aiming: Magic Dart (safe; 1% risk of failure)
Press: ? - help, Shift-Dir - straight line, f/p - phantom
Aim: a phantom (heavily damaged, 100% to hit)
The magic dart hits the phantom but does no damage.
The phantom is heavily damaged.
The phantom hits you!
The orc wizard gestures at you while chanting.
The magic dart hits you.
Casting: Magic Dart (safe; 1% risk of failure)
Confirm with . or Enter, or press ? or * to list all spells.
Aiming: Magic Dart (safe; 1% risk of failure)
Press: ? - help, Shift-Dir - straight line, f/p - phantom
Aim: a phantom (heavily damaged, 100% to hit)
The magic dart hits the phantom.
The phantom is severely damaged.
The phantom barely misses you.
Casting: Magic Dart (safe; 1% risk of failure)
Confirm with . or Enter, or press ? or * to list all spells.
Aiming: Magic Dart (safe; 1% risk of failure)
Press: ? - help, Shift-Dir - straight line, f/p - phantom
Aim: a phantom (severely damaged, 100% to hit)
The magic dart hits the phantom.
The phantom is almost destroyed.
The phantom hits you.
Casting: Magic Dart (safe; 1% risk of failure)
Confirm with . or Enter, or press ? or * to list all spells.
Aiming: Magic Dart (safe; 1% risk of failure)
Press: ? - help, Shift-Dir - straight line, f/p - phantom
Aim: a phantom (almost destroyed, 100% to hit)
The magic dart hits the phantom.
The phantom is almost destroyed.
The phantom hits you. The orc wizard casts a spell at you.
The puff of flame hits you!
You die...

#.# ..######### #.#
........#<# #.# ##.#.#
#.# #[.).#. #.#
#.)..#.######.#
#.[..#......#.#
..###..o##......#.# ..
...$....@........#.# ...
....##..W##.#.#.#.#+#....
..#......#.#.#.#..[......
. #.#.....#.#.#.#........
# #.##...#.#.#..[...)..
.......#$#............
#.#...##.#.#†#######.#.
#.#... ##.#..†.....$..# .
#... #.#.#.#.###.# #.


You could see a phantom and an orc wizard.

Vanquished Creatures
  An ogre (D:5)
  Blork the orc (D:5)
  4 hounds
  A jelly (D:4)
  An orc priest (D:5)
  An iguana (D:4)
  Terence (D:3)
  3 gnolls (D:4)
  6 adders
  An ufetubus (D:2)
  2 worms
  3 dart slugs
  4 orcs
  11 endoplasms
  3 giant cockroaches
  8 goblins
  5 hobgoblins
  6 jackals
  3 quokkas
  6 ball pythons
  2 bats
  5 frilled lizards
  8 kobolds
  3 rats
89 creatures vanquished.

Vanquished Creatures (collateral kills)
  2 orcs (D:4)
  A goblin (D:4)
  A rat (D:3)
4 creatures vanquished.

Vanquished Creatures (others)
  2 fungi (D:5)
  63 plants (D:3)
65 creatures vanquished.

Grand Total: 158 creatures vanquished

Notes
Turn   | Place    | Note
-------+----------+-------------------------------------------
     0 | D:1      | pokeman the Deep Elf Hedge Wizard began the quest for the
                  | Orb.
     0 | D:1      | Reached XP level 1. HP: 10/10 MP: 7/7
   223 | D:1      | Reached XP level 2. HP: 14/15 MP: 1/9
   503 | D:1      | Reached skill level 5 in Spellcasting
   533 | D:1      | Reached XP level 3. HP: 7/20 MP: 1/11
   539 | D:1      | Learned a level 3 spell: Mephitic Cloud
   542 | D:1      | Learned a level 2 spell: Call Imp
   545 | D:1      | Learned a level 2 spell: Blink
  1111 | D:2      | Reached skill level 1 in Armour
  1193 | D:2      | Reached skill level 1 in Fighting
  1499 | D:2      | Reached XP level 4. HP: 24/25 MP: 4/13
  1826 | D:2      | Identified the +0 dagger of Disgust {drain, Stlth+}
  1977 | D:3      | Noticed Terence
  1994 | D:3      | Killed Terence
  2351 | D:3      | Found a faded altar of an unknown god.
  2664 | D:3      | Got the Codex of Disgusting Momentum
  2851 | D:4      | Reached XP level 5. HP: 21/29 MP: 8/15
  2924 | D:4      | Reached skill level 6 in Spellcasting
  3034 | D:4      | Noticed a +0 spear
  3034 | D:4      | Noticed a +0 short sword
  3034 | D:4      | Noticed a +0 falchion
  3035 | D:4      | Noticed a +0 spear
  3035 | D:4      | Noticed a +0 falchion
  3037 | D:4      | Noticed a +0 dagger
  3037 | D:4      | Noticed a +0 short sword
  3038 | D:4      | Noticed a +0 dagger
  3042 | D:4      | Found a hide-covered altar of Uskayaw.
  3144 | D:4      | Reached skill level 1 in Air Magic
  3144 | D:4      | Reached skill level 1 in Poison Magic
  3144 | D:4      | Reached skill level 1 in Evocations
  3374 | D:4      | Reached XP level 6. HP: 34/34 MP: 3/17
  3528 | D:4      | Found a shimmering blue altar of Sif Muna.
  3741 | D:4      | Found a glowing golden altar of the Shining One.
  4217 | D:5      | Entered Level 5 of the Dungeon
  4280 | D:5      | Found a shadowy altar of Dithmenos.
  4390 | D:5      | Noticed Blork the orc
  4409 | D:5      | Reached skill level 7 in Spellcasting
  4410 | D:5      | Killed Blork the orc
  4423 | D:5      | Reached XP level 7. HP: 30/39 MP: 2/20
  4561 | D:5      | Killed from afar by an orc wizard

Illustrated notes

Levels and vault maps discovered:
D:1:      psy_arrival_radial01, layout_rooms
D:2:      layout_loops_corners
D:3:      layout_rooms, shapermc_ecumenical_altar_pompeii, kennysheep_boxes,
          uniq_terence
D:4:      minmay_diamond_boxcup, layout_basic, nicolae_uskayaw_en_pointe,
          nicolae_sif_muna_condensation, mainiacjoe_overflow_24_doors,
          serial_curves, eino_curves_02, eino_curves_01
D:5:      layout_basic, fedhas_altar_3, mainiacjoe_overflow_cross_hatched,
          nicolae_ru_great_annihilating_truth, uniq_blork_the_orc

Skill      XL: |  1  2  3  4  5  6 |
---------------+-------------------+-----
Spellcasting   | 5 6 7 |  7.5
Armour         | 1 |  1.0
Fighting       | 1 |  1.9
Conjurations   | 2 3 |  3.6
Stealth        | 3 |  3.0
Dodging        | 3 |  3.0
Air Magic      | 1 |  1.0
Poison Magic   | 1 |  1.1
Evocations     | 1 |  1.0
Summonings     | 2 |  2.4
Translocations | |  1.1

Action                     |  1- 3 |  4- 6 |  7- 9 || total
---------------------------+-------+-------+-------++-------
  Melee: Rapier            |    31 |       |       ||    31
         Dagger            |       |    53 |       ||    53
         Punch             |       |     3 |       ||     3
   Cast: Magic Dart        |    79 |   136 |    19 ||   234
         Mephitic Cloud    |       |     8 |     1 ||     9
         Call Imp          |       |     3 |       ||     3
   Stab: Distracted        |     1 |       |       ||     1
         Confused          |       |     7 |       ||     7
         Sleeping          |       |     2 |       ||     2
 Armour: Robe              |     4 |    10 |     2 ||    16
  Dodge: Dodged            |    20 |    46 |     8 ||    74

Table legend: (Time is in decaauts)
 A = Elapsed time spent in this place.
 B = Non-inter-level travel time spent in this place.
 C = Inter-level travel time spent in this place.
 D = Time resting spent in this place.
 E = Time spent auto-exploring this place.
 F = Levels seen in this place.
 G = Mean time per level.
                   A        B        C        D        E       F      G
               +--------+--------+--------+--------+--------+-----+--------+
         Total |   4552 |   4467 |     85 |    195 |   3669 |   5 |  910.4 |
       Dungeon |   4552 |   4467 |     85 |    195 |   3669 |   5 |  910.4 |
               +--------+--------+--------+--------+--------+-----+--------+

Top non-repeatable levels by time:
     D:4: 1524 daAuts
     D:2: 1025 daAuts
     D:1: 902 daAuts
     D:3: 867 daAuts
     D:5: 232 daAuts
